 Dungeon Crawl Stone Soup version 0.17.2-1-ge4368a0 (webtiles) character file.

484 ololoev the Chopper (level 6, -28/73 HPs)
             Began as a Demonspawn Berserker on Aug 1, 2016.
             Was a Follower of Trog.
             Killed from afar by nublet's ghost (34 damage)
             ... with a bolt of negative energy
             ... on level 8 of the Dungeon.
             The game lasted 00:06:06 (844 turns).

ololoev the Chopper (Demonspawn Berserker)           Turns: 844, Time: 00:06:06

Health: -28/73     AC:  6    Str: 25    XL:     6   Next: 88%
Magic:  0/6        EV: 12    Int:  8    God:    Trog [*.....]
Gold:   167        SH:  0    Dex: 12    Spells: 0 memorised, 5 levels left

rFire  . . .     SeeInvis .     a - +0 war axe
rCold  . . .     Clarity  .     b - +0 animal skin
rNeg   . . .     SustAt   .     (no shield)
rPois  .         Gourm    .     (no helmet)
rElec  .         Spirit   +     (no cloak)
rCorr  .         Warding  .     (no gloves)
rMut   .         Stasis   .     (no boots)
MR     ++...                    (no amulet)
Stlth  ..........               (no ring)
                                (no ring)

@: berserking, lethally poisoned (-28 -> -28), regenerating, drained, very
quick, very resistant to hostile enchantments, extremely unstealthy
A: claws 1, iridescent scales 1, magic shield
a: Berserk, Burn Spellbooks, Renounce Religion


Innate Abilities, Weirdness & Mutations

You have sharp fingernails.
You are partially covered in iridescent scales (AC +4).
When hurt, damage is shared between your health and your magic reserves.

Inventory:

Hand Weapons
 a - a +0 war axe (weapon)
Armour
 b - a +0 animal skin (worn)
Wands
 l - a wand of random effects (13)
Scrolls
 d - a scroll of recharging {unknown}
 e - a scroll of immolation {unknown}
 f - a scroll of teleportation {unknown}
 g - 3 scrolls of magic mapping {unknown}
 h - 2 scrolls of identify {unknown}
 m - a scroll of remove curse {unknown}
Potions
 i - a potion of poison {unknown}
 j - a potion of heal wounds {unknown}
 k - a potion of might {unknown}
Comestibles
 c - 3 chunks of flesh


   Skills:
 + Level 4.4(3.7) Fighting
 * Level 5.1(4.4) Axes
 + Level 3.3(2.6) Armour
 + Level 3.1(2.5) Dodging


You had 5 spell levels left.
You didn't know any spells.


You were on level 8 of the Dungeon.
You worshipped Trog.
Trog was aware of your devotion.
You were not hungry.

You visited 1 branch of the dungeon, and saw 8 of its levels.

You collected 167 gold pieces.

#......
.........
##........
#####.........
............
#..........
.## #.oSW..#
....#..@S..#
#.........#
#..#...≈..#
#....≈.≈.≈.#
...#..≈≈≈..#
## #...≈≈.###
###≈≈....###.#
####.#.....#
#..<##..#

Notes
Turn   | Place    | Note
--------------------------------------------------------------
     0 | D:1      | ololoev the Demonspawn Berserker began the quest for the Orb.
     0 | D:1      | Reached XP level 1. HP: 18/18 MP: 1/1
    83 | D:2      | Gained mutation: You are partially covered in iridescent scales (AC +4). [demonic ancestry]
    83 | D:2      | Reached XP level 2. HP: 22/24 MP: 2/2
   211 | D:3      | Noticed Natasha
   220 | D:3      | Killed Natasha
   220 | D:3      | Gained mutation: You have sharp fingernails. [demonic ancestry]
   220 | D:3      | Reached XP level 3. HP: 29/29 MP: 3/3
   224 | D:3      | Noticed Natasha
   268 | D:3      | Killed Natasha
   268 | D:3      | Reached ** piety under Trog
   404 | D:5      | Entered Level 5 of the Dungeon
   457 | D:5      | Gained mutation: When hurt, damage is shared between your health and your magic reserves. [demonic ancestry]
   457 | D:5      | Reached XP level 4. HP: 35/35 MP: 4/4
   650 | D:7      | Noticed Menkaure
   659 | D:7      | Killed Menkaure
   659 | D:7      | Reached skill level 4 in Fighting
   659 | D:7      | Reached XP level 5. HP: 22/42 MP: 1/5
   693 | D:7      | Noticed Prince Ribbit
   726 | D:7      | Reached XP level 6. HP: 48/48 MP: 6/6
   735 | D:7      | Killed Prince Ribbit
   735 | D:7      | Reached skill level 5 in Axes
   801 | D:7      | Found a staircase to the Ecumenical Temple.
   833 | D:8      | Noticed a water moccasin
   837 | D:8      | Noticed nublet's ghost (novice DrMo)
   838 | D:8      | Noticed a water moccasin
   844 | D:8      | Killed from afar by nublet's ghost

Dungeon Overview and Level Annotations

Branches:
Dungeon (8/15)             Temple (0/1) D:7
   Lair: D:8-11

Altars:

Annotations:
D:8 nublet's ghost, novice DrMo


Message History

Nublet's ghost screams, "You will join me soon!"
The water moccasin bites you.
Unknown command.
Nublet's ghost closely misses you. The orc hits you with a trident.
The water moccasin bites you but does no damage.
Unknown command.
Use which ability? (? or * to list)
Your skin crawls.
You feel resistant to hostile enchantments.
You feel slightly more hungry.
You can no longer call upon Trog for regeneration and protection from hostile enchantments.
The water moccasin bites you! Nublet's ghost closely misses you.
The orc hits you with a trident. The water moccasin misses you.
Use which ability? (? or * to list)
A red film seems to cover your vision as you go berserk!
You feel yourself moving faster!
You feel mighty!
You feel somewhat more hungry.
The water moccasin bites you but does no damage.
Nublet's ghost hits you. The water moccasin bites you.
You are poisoned.
The water moccasin poisons you! The orc closely misses you.
The water moccasin barely misses you.
Unknown command.
Unknown command.
You slash nublet's ghost!
Nublet's ghost is lightly damaged.
You miss the water moccasin. You closely miss the orc.
You closely miss the water moccasin.
You feel sick. The water moccasin bites you. Nublet's ghost hits you.
The water moccasin bites you! The orc closely misses you.
Unknown command.
Unknown command.
You closely miss nublet's ghost.
Nublet's ghost is lightly damaged.
You closely miss the water moccasin. You barely miss the orc.
You completely miss the water moccasin.
You feel sick. The water moccasin bites you!
Nublet's ghost breathes negative energy at you.
The bolt of negative energy hits you!
You feel drained.
You die...

You could see 2 water moccasins, nublet's ghost and an orc.

Vanquished Creatures
  Prince Ribbit (D:7)
  Menkaure (D:7)
  A hound (D:7)
  Natasha (twice) (D:3)
  2 worker ants
  A worker ant zombie (D:7)
  2 adders
  An adder zombie (D:6)
  2 worms
  An adder skeleton (D:7)
  2 bats
  2 goblins
  4 hobgoblins
  3 jackals (D:6)
  2 quokkas
  A giant cockroach (D:1)
  A giant newt (D:6)
  3 kobolds
  2 rats (D:1)
34 creatures vanquished.

Action                   |  1- 3 |  4- 6 || total
-------------------------+-------+-------++-------
Melee: Hand axe          |    19 |       ||    19
       War axe           |    43 |    37 ||    80
Invok: Berserk           |     5 |     4 ||     9
       Trog's Hand       |       |     6 ||     6
Evoke: Wand              |       |     5 ||     5
  Eat: Chunk             |     3 |     3 ||     6
       Bread ration      |       |     1 ||     1

Vault maps used:
D:1:      erik_arrival_gehennom
D:2:      uniq_sigmund
D:3:      cheibriados_altar_1, uniq_natasha
D:4:      first_bread, minmay_misc_feat_five, minmay_splitting_lines
D:5:      lemuel_blue_sif_altar
D:6:      nicolae_water_bricks, minivault_1, guppyfry_early_elven_hall
D:7:      minmay_temple_entry_from_below_a, uniq_prince_ribbit1, uniq_menkaure
D:8:      minmay_overflow_temple_star_hex, hangedman_tree_tricks, ldierk_geyser,
          minmay_joined_circles, uniq_maurice, uniq_pikel, uniq_psyche
